 Dungeon Crawl Stone Soup version 0.30-a0-292-g0f741e3f8e (webtiles) character file.

Game seed: 16970299864074098537

35970 chippings the Warrior (level 13, -1/119 HPs)
             Began as a Merfolk Gladiator on Oct 17, 2022.
             Was an Elder of Makhleb.
             Slain by an acid blob (26 damage)
             ... on level 4 of the Lair of Beasts.
             The game lasted 00:45:42 (16170 turns).

chippings the Warrior (Merfolk Gladiator)          Turns: 16170, Time: 00:45:42

Health: -1/119     AC:  0    Str: 19    XL:     13   Next: 87%
Magic:  23/23      EV: 22    Int:  7    God:    Makhleb [****..]
Gold:   354        SH:  0    Dex: 16    Spells: 12/12 levels left

rFire   . . .      SeeInvis +    a - +3 halberd (flame)
rCold   . . .      Faith    .    (shield currently unavailable)
rNeg    . . .      Spirit   .    F - +0 acid dragon scales
rPois   .          Reflect  .    E - +2 hat {Stlth+}
rElec   .          Harm     .    M - +2 cloak of the Thief {*Fog Slay-2 SInv Stlth+}
rCorr   +          Rampage  .    (no gloves)
Will    .....                    B - +0 pair of boots
Stlth   +++++.....               (no amulet)
HPRegen 0.39/turn                g - +4 ring of slaying
MPRegen 0.18/turn                W - +4 ring of evasion

@: about to teleport, corroded
A: (nimble swimmer 2), mertail, mutation resistance 1
a: Renounce Religion, Minor Destruction, Lesser Servant of Makhleb, Major
Destruction


You were on level 4 of the Lair of Beasts.
You worshipped Makhleb.
Makhleb was greatly pleased with you.
You visited 3 branches of the dungeon, and saw 18 of its levels.
You also visited: Sewer and Ice Cave.

You collected 923 gold pieces.
You spent 569 gold pieces at shops.

Inventory:

Hand Weapons
 a - a +3 halberd of flaming (weapon)
Missiles
 d - 3 datura-tipped darts
 n - 5 throwing nets (quivered)
 o - 50 poisoned darts
 y - 5 curare-tipped darts
 T - 6 javelins
Armour
 u - a +1 ring mail of willpower
 B - a +0 pair of boots (worn)
 E - a +2 hat of stealth (worn)
 F - +0 acid dragon scales (worn)
 M - the +2 cloak of the Thief (worn) {*Fog Slay-2 SInv Stlth+}
   (You bought it in a shop on level 3 of the Dungeon)

   It may release a thick cloud of smoke when the wearer is hurt.
   Slay:      It affects your accuracy & damage with ranged weapons and melee
   (-2).
   SInv:      It lets you see invisible.
   Stlth:     It makes you more stealthy.
 V - a +1 scale mail of cold resistance
 X - +0 ice dragon scales
Jewellery
 g - a +4 ring of slaying (left hand)
 x - a ring of protection from cold
 z - a ring of protection from fire
 W - a +4 ring of evasion (right hand)
Wands
 A - a wand of paralysis (14)
 G - a wand of flame (9)
 N - a wand of digging (6)
 P - a wand of roots (3)
Scrolls
 h - a scroll of immolation
 j - 3 scrolls of enchant weapon
 k - 9 scrolls of teleportation
 l - 3 scrolls of summoning
 q - a scroll of identify
 r - 3 scrolls of enchant armour
 s - 2 scrolls of poison
 w - 2 scrolls of vulnerability
 D - 4 scrolls of fog
 I - 2 scrolls of fear
 L - a scroll of magic mapping
 Q - a scroll of blinking
 R - a scroll of silence
 S - 3 scrolls of amnesia
Potions
 b - 3 potions of haste
 c - 2 potions of mutation
 e - 9 potions of flight
 f - 2 potions of lignification
 i - 2 potions of invisibility
 m - 2 potions of attraction
 p - a potion of cancellation
 t - 8 potions of curing
 v - a potion of might
 K - a potion of heal wounds
 O - a potion of ambrosia
 U - 2 potions of brilliance


   Skills:
 + Level 16.9 Fighting
 + Level 13.4 Polearms
 - Level 2.0 Throwing
 - Level 13.0 Dodging
 - Level 6.0 Stealth
 + Level 14.6 Invocations


You had 12 spell levels left.
You didn't know any spells.
Your spell library contained the following spells:

 Spells                   Type           Power      Damage    Failure   Level
 Magic Dart               Conj           0%         1d3       52%         1
 Sandblast                Erth           0%         2d4       52%         1
 Shock                    Conj/Air       0%         1d3       52%         1
 Blink                    Tloc           0%         N/A       67%         2
 Call Imp                 Summ           0%         N/A       67%         2
 Momentum Strike          Conj/Tloc      0%         3d8       67%         2
 Passwall                 Tmut/Erth      0%         N/A       67%         2
 Dazzling Flash           Conj/Hex       0%         N/A       88%         3
 Hailstorm                Conj/Ice       0%         3d3       88%         3
 Lesser Beckoning         Tloc           0%         N/A       88%         3
 Mephitic Cloud           Conj/Pois/Air  0%         N/A       88%         3
 Stone Arrow              Conj/Erth      0%         3d7       88%         3
 Swiftness                Air            0%         N/A       88%         3
 Vhi's Electric Charge    Tloc/Air       0%         N/A       88%         3
 Airstrike                Air            0%         2d(0-16)  99%         4
 Animate Armour           Summ/Erth      0%         N/A       99%         4
 Animate Dead             Necr           0%         N/A       99%         4
 Flame Wave               Conj/Fire      0%         2d4       99%         4
 Ice Form                 Ice/Tmut       0%         N/A       99%         4
 Summon Lightning Spire   Summ/Air       0%         N/A       99%         4
 Agony                    Necr           0%         N/A       100%        5
 Blade Hands              Tmut           0%         N/A       100%        5
 Lightning Bolt           Conj/Air       0%         1d11      100%        5
 Silence                  Hex/Air        0%         N/A       100%        5
 Summon Forest            Summ/Tloc      0%         N/A       100%        5
 Eringya's Noxious Bog    Tmut/Pois      0%         N/A       100%        6
 Iron Shot                Conj/Erth      0%         9d1       100%        6
 Simulacrum               Ice/Necr       0%         N/A       100%        6
 Haunt                    Necr/Summ      0%         N/A       100%        7
 Malign Gateway           Summ/Tloc      0%         N/A       100%        7
 Summon Hydra             Summ           0%         N/A       100%        7
 Infestation              Necr           0%         N/A       100%        8
 Fire Storm               Conj/Fire      0%         5d1       100%        9


Dungeon Overview and Level Annotations

Branches:
Dungeon (13/15)            Temple (1/1) D:6            Lair (4/5) D:11
 Shoals (0/4) Lair:2        Snake (0/4) Lair:3        Slime (0/5) Lair:4
    Orc (0/2) D:11          Sewer (visited)           IceCv (visited)
 Vaults: D:13-14

Altars:
Cheibriados
Fedhas
Hepliaklqana
Kikubaaqudgha
Makhleb
The Shining One
Jiyva
Lugonu

Shops:
D:3 [   D:4 ?*::   D:11 ?

Portals:
Abyss: D:9

Annotations:
D:3 4 runed translucent doors, 123456's ghost, weakling GrEE; Crazy Yiuf
D:10 1 runed translucent door, HilariousDeathArtist's ghost, journeyman AtAE


Innate Abilities, Weirdness & Mutations

((You are very nimble when in or above water. (Stealth+, EV+, Speed+++)))
Your lower body shifts to a powerful aquatic tail in water.
You are somewhat resistant to further mutation.


Message History

You feel better.
You hit the acid blob. You burn the acid blob.
Your hands burn!
The acid blob is lightly wounded.
The acid blob hits you! The acid corrodes you!
You are splashed with acid.
You resist.
You completely miss the acid blob.
The acid blob is lightly wounded.
The acid blob spits acid at you. The splash of acid hits you! You resist.
The acid blob barely misses you.
You puncture the acid blob! You burn the acid blob.
Your hands burn!
The acid blob is lightly wounded.
The acid blob spits acid at you. The splash of acid hits you! You resist.
The acid blob completely misses you.
You puncture the acid blob! You burn the acid blob.
Your hands burn!
The acid blob is moderately wounded.
The acid blob spits acid at you. The splash of acid hits you! You resist.
The acid corrodes you! The acid blob misses you.
You hit the acid blob. You burn the acid blob.
Your hands burn!
The acid blob is moderately wounded.
The acid blob spits acid at you. The splash of acid hits you! You resist.
You barely miss the acid blob.
The acid blob is moderately wounded.
The acid blob spits acid at you. The splash of acid hits you! You resist.
The acid corrodes you! The acid blob hits you.
You are splashed with acid.
You resist.
You slice the acid blob!! You burn the acid blob.
Your hands burn!
The acid blob is heavily wounded.
The acid blob jiggles.
The acid blob hits you!
* * * LOW HITPOINT WARNING * * *
With a swish of your cloak, you release a cloud of fog.
You are splashed with acid.
You resist.
* * * LOW HITPOINT WARNING * * *
The acid blob closely misses you.
As you read the scroll of teleportation, it crumbles to dust.
You feel strangely unstable. The acid blob barely misses you.
The acid blob hits you!!
You die...

#..............p.. P
##.....(........#..
#.##...............#..
#F.................##.
#...................##
##..................
#§§§§§..............
#P§§§§..............
##.J@§...............
#..J§§...............
##'##................
#._.#.......P........
#...#................
#.>.#....##....#...#.
#########.###.#.....#
#.# #.###.# ## ##


You could see 2 acid blobs.

Vanquished Creatures
  An acid blob (Lair:4)
  A reaper (IceCv)
  2 hydras
  Erica (D:9)
  2 two-headed ogres (D:12)
  A deep elf pyromancer (D:10)
  2 manticores
  An ugly thing (D:12)
  2 centaur zombies (D:8)
  3 elephants (Lair:3)
  A black mamba (Lair:1)
  2 ice statues (IceCv)
  2 torpor snails
  A gargoyle (D:11)
  Psyche (D:9)
  2 centaur skeletons (D:8)
  3 komodo dragons (Lair:1)
  5 cane toads
  4 rime drakes
  4 ice devils (IceCv)
  2 hellwings (D:8)
  4 trolls (D:12)
  Grinder (D:6)
  A hornet (D:9)
  8 slime creatures (D:12)
  4 basilisks
  2 vampires
  27 yaks
  3 wyverns
  Eustachio (D:6)
  A death yak simulacrum (IceCv)
  6 vampire mosquitoes
  Edmund (D:6)
  An acid dragon (D:11)
  3 water moccasins
  A hydra simulacrum (IceCv)
  2 sky beasts
  3 orc warriors
  An ice beast (D:7)
  3 black bears
  An ogre (D:5)
  2 centaurs
  3 wolves (Lair:1)
  A phantom (D:5)
  5 kobold brigands
  Blork the orc (D:5)
  A gnoll sergeant (D:8)
  2 necrophages
  7 bullfrogs
  2 two-headed ogre simulacra (IceCv)
  4 scorpions
  8 wights (D:9)
  An elephant simulacrum (IceCv)
  9 killer bees (D:8)
  An electric eel (Lair:2)
  A howler monkey (D:9)
  3 jellies
  6 orc priests
  3 hounds
  A gnoll bouda (D:6)
  An iron imp (D:8)
  5 iguanas
  9 orc wizards
  A spriggan simulacrum (IceCv)
  3 troll simulacra (IceCv)
  4 polar bear simulacra (IceCv)
  A boggart skeleton (D:8)
  A wolf simulacrum (IceCv)
  17 gnolls
  13 adders
  A naga simulacrum (IceCv)
  5 river rats (Sewer)
  5 shadow imps (D:8)
  3 white imps
  4 ufetubi
  3 dart slugs
  3 worms
  26 orcs
  5 endoplasms
  5 giant cockroaches
  4 goblins
  5 hobgoblins
  9 jackals
  4 quokkas
  15 ball pythons
  14 bats
  3 frilled lizards
  23 kobolds
  5 rats
375 creatures vanquished.

Vanquished Creatures (collateral kills)
  Kirke (Lair:4)
  A two-headed ogre (D:8)
  2 oklob plants (D:11)
  3 elephants (Lair:3)
  A centaur zombie (D:8)
  A centaur skeleton (D:8)
  2 ice devils (IceCv)
  3 hogs (Lair:4)
  A yak (Lair:3)
  Menkaure (D:4)
  A water moccasin (Lair:3)
  An ogre (D:7)
  A centaur (D:11)
  A kobold brigand (D:7)
  A bullfrog (D:7)
  A scorpion (D:7)
  3 wights
  A hound (D:6)
  A gnoll bouda (D:7)
  An orc wizard (D:8)
  A spriggan simulacrum (IceCv)
  A wolf simulacrum (IceCv)
  A gnoll (D:7)
  2 white imps (IceCv)
  An ufetubus (IceCv)
  2 orcs
  A kobold (D:7)
37 creatures vanquished.

Vanquished Creatures (others)
  2 fungi (Lair:3)
  A lurking horror (D:9)
  16 plants
  11 withered plants (D:8)
30 creatures vanquished.

Grand Total: 442 creatures vanquished

Notes
Turn   | Place    | Note
-------+----------+-------------------------------------------
     0 | D:1      | chippings the Merfolk Gladiator began the quest for the
                  | Orb.
     0 | D:1      | Reached XP level 1. HP: 16/16 MP: 1/1
   380 | D:1      | Reached XP level 2. HP: 23/23 MP: 2/2
   762 | D:2      | Found an ancient bone altar of Kikubaaqudgha.
   849 | D:2      | Found a faded altar of an unknown god.
   850 | D:2      | Noticed a golden eye
   855 | D:2      | Noticed a great orb of eyes
   855 | D:2      | Noticed a golden eye
   855 | D:2      | Noticed an eye of devastation
   862 | D:2      | Reached XP level 3. HP: 28/28 MP: 3/3
   879 | D:2      | Prayed at the altar of an unknown god.
   879 | D:2      | Became a worshipper of Makhleb the Destroyer
   879 | D:2      | Reached * piety under Makhleb
   987 | D:2      | You fall into a shaft and drop 2 floors!
  1034 | D:4      | Reached skill level 3 in Fighting
  1156 | D:4      | Reached skill level 1 in Invocations
  1156 | D:4      | Reached XP level 4. HP: 19/35 MP: 4/4
  1284 | D:3      | Found a runed translucent door.
  1313 | D:3      | Gained mutation: You are somewhat resistant to further
                  | mutation. [potion of mutation]
  1323 | D:3      | Reached skill level 5 in Polearms
  1323 | D:3      | Reached skill level 5 in Dodging
  1442 | D:3      | Found a glowing drain.
  1486 | D:3      | Reached XP level 5. HP: 27/41 MP: 6/6
  1512 | D:3      | Found Witaxi's Armour Shop.
  1526 | Sewer    | Entered a sewer
  1754 | Sewer    | Reached ** piety under Makhleb
  2023 | Sewer    | Reached XP level 6. HP: 22/48 MP: 7/7
  2190 | D:3      | Reached skill level 4 in Fighting
  2203 | D:3      | Reached *** piety under Makhleb
  2232 | D:3      | Found a blossoming altar of Fedhas.
  2352 | D:3      | Found a runed translucent gate.
  2353 | D:3      | Found a runed translucent gate.
  2354 | D:3      | Found a runed translucent gate.
  2356 | D:3      | Noticed 123456's ghost (weakling GrEE)
  2558 | D:3      | Noticed Crazy Yiuf
  2718 | D:4      | Noticed Menkaure
  2726 | D:4      | Killed Menkaure
  2789 | D:4      | Reached XP level 7. HP: 39/54 MP: 9/9
  2870 | D:4      | Got Sif Muna's Volume of Summoned Concussion
  3065 | D:4      | Found Vonwatem's Assorted Antiques.
  3067 | D:4      | Found Byosk's Magic Scroll Boutique.
  3074 | D:4      | Found Vabu's Book Boutique.
  3075 | D:4      | Found Udduamon's Book Boutique.
  3096 | D:4      | Bought a scroll of identify for 24 gold pieces
  3096 | D:4      | Bought a scroll of summoning for 114 gold pieces
  3096 | D:4      | Bought a scroll of identify for 24 gold pieces
  3096 | D:4      | Bought a scroll of identify for 24 gold pieces
  3212 | D:5      | Entered Level 5 of the Dungeon
  3392 | D:5      | Noticed Blork the orc
  3402 | D:5      | Killed Blork the orc
  3403 | D:5      | Reached skill level 1 in Stealth
  3498 | D:5      | Found a hazy altar of Hepliaklqana.
  3609 | D:5      | Reached XP level 8. HP: 55/60 MP: 11/11
  4049 | D:6      | Noticed Eustachio
  4070 | D:6      | Killed Eustachio
  4071 | D:6      | Reached skill level 5 in Invocations
  4139 | D:6      | Found a staircase to the Ecumenical Temple.
  4148 | Temple   | Entered the Ecumenical Temple
  4192 | D:6      | Reached **** piety under Makhleb
  4309 | D:6      | Noticed Edmund
  4327 | D:6      | Killed Edmund
  4467 | D:6      | Reached XP level 9. HP: 65/65 MP: 13/13
  4475 | D:6      | Noticed Grinder
  4491 | D:6      | Killed Grinder
  4492 | D:6      | Reached skill level 5 in Stealth
  4520 | D:6      | Got Sif Muna's Handbook of the Breezy Blaze
  5110 | D:7      | Reached skill level 5 in Fighting
  5243 | D:7      | Reached skill level 10 in Polearms
  5588 | D:8      | Reached skill level 6 in Fighting
  5650 | D:8      | Noticed a hellwing
  5661 | D:8      | Noticed a hellwing
  5918 | D:8      | Reached XP level 10. HP: 77/77 MP: 15/15
  6155 | D:8      | Reached skill level 7 in Fighting
  6329 | D:8      | Reached skill level 8 in Fighting
  6329 | D:8      | Reached XP level 11. HP: 74/86 MP: 17/17
  6418 | D:8      | Noticed a two-headed ogre
  6434 | D:8      | Killed a two-headed ogre
  6435 | D:8      | Reached skill level 10 in Dodging
  6603 | D:8      | Found a snail-covered altar of Cheibriados.
  7162 | D:9      | Reached ***** piety under Makhleb
  7163 | D:9      | Reached skill level 10 in Invocations
  7182 | D:9      | Reached skill level 9 in Fighting
  7265 | D:9      | Identified a scroll of acquirement
  7268 | D:9      | Acquired a manual of Fighting
  7321 | D:9      | Noticed Erica
  7335 | D:9      | Killed Erica
  7556 | D:9      | Noticed Psyche
  7584 | D:9      | Killed Psyche
  7614 | D:9      | Found a corrupted altar of Lugonu.
  7625 | D:9      | Found a one-way gate to the infinite horrors of the Abyss.
  7842 | D:9      | Paralysed by a hornet for 1 turns
  7846 | D:9      | Paralysed by a hornet for 1 turns
  8081 | D:10     | Entered Level 10 of the Dungeon
  8160 | D:10     | Found a glowing golden altar of the Shining One.
  8179 | D:10     | Noticed a deep elf pyromancer
  8191 | D:10     | Killed a deep elf pyromancer
  8192 | D:10     | Reached skill level 10 in Fighting
  8202 | D:10     | Found a runed translucent door.
  8206 | D:10     | Noticed HilariousDeathArtist's ghost (journeyman AtAE)
  8734 | D:11     | Noticed an oklob plant
  8743 | D:11     | Found a staircase to the Lair.
  8743 | D:11     | Noticed an oklob plant
  8762 | D:11     | Killed an oklob plant
  8763 | D:11     | Reached skill level 11 in Fighting
  8792 | D:11     | Reached XP level 12. HP: 100/100 MP: 20/20
  9357 | D:11     | Found a staircase to the Orcish Mines.
  9364 | D:11     | Found Luf Xeza's Magic Scroll Boutique.
  9367 | D:11     | Bought a scroll of teleportation for 51 gold pieces
  9367 | D:11     | Bought a scroll of teleportation for 51 gold pieces
  9525 | D:3      | Bought the +2 cloak of the Thief {*Fog Slay-2 SInv Stlth+}
                  | for 281 gold pieces
  9525 | D:3      | Found the +2 cloak of the Thief {*Fog Slay-2 SInv Stlth+}
 10355 | D:12     | Reached skill level 12 in Fighting
 10376 | D:12     | Noticed a two-headed ogre
 10389 | D:12     | Killed a two-headed ogre
 11255 | D:12     | Reached skill level 13 in Fighting
 11557 | D:13     | Noticed a six-headed hydra
 11561 | D:13     | Killed a six-headed hydra
 11646 | D:12     | Noticed a two-headed ogre
 11658 | D:12     | Killed a two-headed ogre
 11659 | D:12     | Reached skill level 14 in Fighting
 11869 | Lair:1   | Entered Level 1 of the Lair of Beasts
 12441 | Lair:1   | Reached XP level 13. HP: 110/114 MP: 22/22
 12723 | Lair:1   | Reached skill level 15 in Fighting
 12969 | Lair:2   | You fall into a shaft and drop 1 floor!
 13043 | Lair:3   | Found a staircase to the Snake Pit.
 13201 | Lair:3   | Found a frozen archway.
 13211 | IceCv    | Entered an ice cave
 13615 | IceCv    | Reached skill level 16 in Fighting
 14003 | IceCv    | Noticed a reaper
 14066 | IceCv    | Noticed a blizzard demon
 14228 | IceCv    | Killed a reaper
 15913 | Lair:2   | Found a staircase to the Shoals.
 16088 | Lair:4   | Noticed Kirke
 16114 | Lair:4   | Killed Kirke
 16144 | Lair:4   | Found a runed translucent door.
 16144 | Lair:4   | Found a viscous altar of Jiyva.
 16145 | Lair:4   | Noticed an acid blob
 16147 | Lair:4   | Found a staircase to the Slime Pits.
 16153 | Lair:4   | Noticed an acid blob
 16153 | Lair:4   | Noticed an acid blob
 16162 | Lair:4   | Killed an acid blob
 16170 | Lair:4   | Slain by an acid blob

Illustrated notes

Levels and vault maps discovered:
D:1:      pf_arrival_petrified_forest, layout_loops_ring, minivault_4
D:2:      layout_rooms, basic_altar, hellmonk_ecumenical_altar_watching_god,
          amcnicky_mini_pool_small, uniq_sigmund
D:3:      layout_basic, nicolae_overflow_hidden_temple, serial_shops, shop,
          gammafunk_ghost_necromancy, gup_sewer_entry_glass,
          uniq_crazy_yiuf_cottage
D:4:      layout_basic, minmay_shop_grid_forest, minmay_diced_spiral,
          uniq_menkaure
D:5:      layout_loops_ring, nicolae_overflow_crystal_walls, minivault_26,
          uniq_blork_the_orc
D:6:      layout_basic, minmay_temple_entry_ruins, hex_intersection,
          uniq_edmund, uniq_eustachio, uniq_grinder
D:7:      layout_gridville, st_stairs_8
D:8:      cheibrodos_grave_circle, layout_basic, slow_altar_2,
          kennysheep_small_square
D:9:      layout_loops_ring, amcnicky_altar_lugonu_corruption, uniq_psyche,
          uniq_erica
D:10:     layout_long_grid, overflow_temple_1_default, hellmonk_ghost_big_iron
D:11:     layout_irregular_city, dpeg_oklobed_lair, orc_0_dummy, serial_shops,
          nicolae_shop_behind_doors
D:12:     layout_roguey
D:13:     layout_stronghold, minmay_hedge_maze
Temple:   dpeg_five_rooms_temple
Lair:1:   layout_regular_city
Lair:2:   layout_hall_layers, shoals_dummy_entry, grunt_megastairs_3,
          infiniplex_staircase_pool
Lair:3:   layout_loops_ring, dummy_snake_entry, portal_ice_cave_entry_pillars_2,
          lemuel_fruit_fields
Lair:4:   statuecave_lemuel, layout_hall_layers, slime_entry_2,
          cheibrodos_lair_reptile_den, grunt_megastairs_2, uniq_kirke

Skill      XL: |  1  2  3  4  5  6  7  8  9 10 11 12 13 |
---------------+----------------------------------------+-----
Fighting       | 3 4 6 8 11 14 16 | 16.9
Invocations    | 1 2 3 4 5 7 9 11 13 14 | 14.6
Polearms       | 5 6 7 8 10 11 12 13 | 13.4
Dodging        | 5 6 7 8 9 11 13 | 13.0
Stealth        | 2 4 6 |  6.0
Throwing       | |  2.0

Action                   |  1- 3 |  4- 6 |  7- 9 | 10-12 | 13-15 || total
-------------------------+-------+-------+-------+-------+-------++-------
Melee: Trident           |   127 |   215 |       |       |       ||   342
       Punch             |       |     1 |     2 |    17 |     2 ||    22
       Tailslap          |       |     9 |       |       |       ||     9
       Spear             |       |    46 |   375 |   904 |   104 ||  1429
       Unarmed           |       |       |       |     7 |     5 ||    12
       Halberd           |       |       |       |       |   177 ||   177
Throw: Javelin           |       |     1 |       |       |       ||     1
       Throwing net      |       |     1 |       |       |       ||     1
Invok: Lesser Servant of |       |     1 |     3 |    10 |     7 ||    21
       Minor Destruction |       |       |     6 |    29 |    14 ||    49
       Major Destruction |       |       |     3 |     2 |     1 ||     6
       Greater Servant o |       |       |       |       |     3 ||     3
  Use: Scroll            |       |     6 |     9 |     8 |     8 ||    31
       Potion            |       |     1 |     2 |       |     3 ||     6
 Stab: Sleeping          |     1 |     2 |     8 |    16 |     9 ||    36
       Distracted        |       |       |     1 |     8 |       ||     9
Armor: Leather armour    |    21 |       |       |       |       ||    21
       Ring mail         |    18 |    99 |    92 |    71 |       ||   280
       Acid dragon scale |       |       |       |    40 |    29 ||    69
       Scale mail        |       |       |       |       |    28 ||    28
Dodge: Dodged            |    73 |   231 |   173 |   335 |   226 ||  1038

Table legend: (Time is in decaauts)
 A = Elapsed time spent in this place.
 B = Non-inter-level travel time spent in this place.
 C = Inter-level travel time spent in this place.
 D = Time resting spent in this place.
 E = Time spent auto-exploring this place.
 F = Levels seen in this place.
 G = Mean time per level.
                   A        B        C        D        E       F      G
               +--------+--------+--------+--------+--------+-----+--------+
         Total |  15425 |  14795 |    630 |   1258 |   8329 |  20 |  771.2 |
       Dungeon |  10684 |  10110 |    574 |    437 |   6112 |  13 |  821.8 |
        Temple |      1 |      1 |      0 |      0 |      0 |   1 |    1.0 |
          Lair |   2795 |   2740 |     55 |     99 |   1806 |   4 |  698.8 |
         Sewer |    538 |    538 |      0 |    177 |     55 |   1 |  538.0 |
      Ice Cave |   1405 |   1405 |      0 |    545 |    355 |   1 | 1405.0 |
               +--------+--------+--------+--------+--------+-----+--------+

Top non-repeatable levels by time:
     D:8: 1456 daAuts
   IceCv: 1405 daAuts
    D:12: 1370 daAuts
    D:11: 1297 daAuts
  Lair:3: 1211 daAuts
     D:9: 943 daAuts
     D:6: 927 daAuts
     D:5: 872 daAuts
  Lair:1: 843 daAuts
     D:3: 836 daAuts
     D:4: 790 daAuts
     D:1: 758 daAuts
  Lair:2: 648 daAuts
    D:10: 577 daAuts
   Sewer: 538 daAuts
